 Dungeon Crawl Stone Soup version 0.29.1-12-g30fa7ad0bf (webtiles) character file.

Game seed: 6809901304364236396

3115 Radix the Cleaver (level 9, -5/90 HPs)
             Began as a Minotaur Berserker on Jan 12, 2023.
             Was an Elder of Trog.
             Killed by divine providence
             ... invoked by an orc priest
              (15 damage)
             ... on level 7 of the Dungeon.
             The game lasted 00:19:14 (6276 turns).

Radix the Cleaver (Minotaur Berserker)              Turns: 6276, Time: 00:19:15

Health: -5/90      AC:  9    Str: 27    XL:     9   Next: 60%
Magic:  2/8        EV: 11    Int:  1    God:    Trog [****..]
Gold:   309        SH:  0    Dex:  9    Spells: 8/8 levels left

rFire   + . .      SeeInvis .   a - +0 hand axe (flame)
rCold   . . .      Faith    .   (no shield)
rNeg    . . .      Spirit   .   b - +2 leather armour {rPois}
rPois   +          Reflect  .   (helmet restricted)
rElec   .          Harm     .   (no cloak)
rCorr   .          Rampage  .   r - +3 Mad Mage's Maulers {Infuse+∞ RegenMP Int-3}
Will    ++...                   (no boots)
Stlth   +.........              (no amulet)
HPRegen 1.25/turn               e - +4 ring of slaying
MPRegen 0.51/turn               q - ring of protection from fire

@: strong-willed, on berserk cooldown, regenerating, slowed, very slow
A: horns 2, retaliatory headbutt
a: Renounce Religion, Berserk, Trog's Hand, Brothers in Arms


You were on level 7 of the Dungeon.
You worshipped Trog.
Trog was greatly pleased with you.
You visited 1 branch of the dungeon, and saw 7 of its levels.
You also visited: Ossuary.

You collected 309 gold pieces.

Inventory:

Hand Weapons
 a - a +0 hand axe of flaming (weapon)
 l - a +0 war axe
Missiles
 c - 2 poisoned darts (quivered)
Armour
 b - a +2 leather armour of poison resistance (worn)
 f - +0 steam dragon scales
 r - the +3 Mad Mage's Maulers (worn) {Infuse+∞ RegenMP Int-3}
   (You found it on level 6 of the Dungeon)

   It empowers its wearer's blows with all of their magic.
   It causes its wearer's magical reserves to regenerate more quickly.
   Int:       It affects your intelligence (-3).
Jewellery
 e - a +4 ring of slaying (left hand)
 q - a ring of protection from fire (right hand)
 t - a +6 ring of intelligence
 x - a +6 ring of intelligence
Wands
 s - a wand of roots (10)
 w - a wand of flame (15)
Scrolls
 g - 2 scrolls of blinking
 i - 2 scrolls of magic mapping
 k - 2 scrolls of poison
 m - a scroll of butterflies
 v - a scroll of teleportation
Potions
 d - 3 potions of heal wounds
 h - 3 potions of resistance
 j - 5 potions of curing
 n - a potion of might {unknown}
 o - a potion of ambrosia {unknown}
 p - 3 potions of flight {unknown}
 u - 2 potions of lignification {unknown}


   Skills:
 + Level 11.9 Fighting
 + Level 11.9 Axes
 - Level 2.4 Armour
 - Level 2.1 Dodging


You had 8 spell levels left.
You didn't know any spells.
Your spell library was empty.

Dungeon Overview and Level Annotations

Branches:
Dungeon (7/15)             Temple (0/1) D:6         Ossuary (visited)

Altars:
Elyvilon
Sif Muna
Zin
The Shining One


Innate Abilities, Weirdness & Mutations

You have a pair of horns on your head.
You reflexively headbutt those who attack you in melee.


Message History

Your headbutt misses the gnoll sergeant.
You miss something. You slash the orc! You burn the orc.
You kill the orc!
Trog accepts your kill.
Unknown command.
You slash the gnoll sergeant! You burn the gnoll sergeant.
You headbutt the gnoll sergeant!
The gnoll sergeant is almost dead.
You miss something.
The gnoll sergeant hits you with a +2 vorpal trident!
* * * LOW HITPOINT WARNING * * *
x2 Something hits you but does no damage.
You hit the gnoll sergeant but do no damage.
The gnoll sergeant is almost dead.
You barely miss something.
Unknown command.
You closely miss the gnoll sergeant. You headbutt the gnoll sergeant.
You kill the gnoll sergeant!
Trog accepts your kill.
You slash something! You burn something. Trog accepts your kill.
Trog appreciates your killing of a magic user.
Reactivating autopickup.
You feel a bit more experienced.
The kobold brigand throws a poisoned dart.
The poisoned dart barely misses you.
You feel a strong urge to attack something.
The kobold brigand throws a poisoned dart.
The poisoned dart hits you!
An orc priest comes into view. It is wielding a +0 club.
You are no longer berserk.
You are exhausted.
You feel yourself slow down.
The orc priest shouts!
You hear two shouts!
You hear a shout!
An ogre comes into view. It is wielding a +0 giant club.
The kobold brigand throws a poisoned dart.
The poisoned dart misses you.
The orc priest mumbles some strange prayers to Beogh against you.
Beogh smites you!
You die...

≈.≈.♣........# #...##........
..≈.♣........# ##...##........
§§§.♣#########
####....?..#...... ♣♣♣♣.#
#....#)....#...... #....#
##.####)....#....## .....# #..#
#.....#....# #....# #.##
#.....#....#
###############.#####.....#....#
......(†..@...........
~~≈≈~~~)....~~~~~~~~~~~
~≈≈≈≈≈≈~....~≈≈~≈≈≈≈≈≈≈
~~≈≈~~~)....~~~~≈~~~~~~
.........)........
########o)''###### #)Kg.#
O....'... ##....####


You could see a kobold brigand, an ogre, a gnoll bouda and an orc priest.

Vanquished Creatures
  Grinder (D:6)
  A steam dragon (D:6)
  A water moccasin (D:5)
  2 ice beasts
  An orc warrior (D:7)
  5 ogres
  2 centaurs
  3 phantoms
  Blork the orc (D:6)
  A bullfrog (D:6)
  A gnoll sergeant (D:7)
  A scorpion (D:6)
  4 wights (D:6)
  2 water moccasin zombies (Ossuary)
  A howler monkey (D:7)
  A crimson imp (D:3)
  6 hounds
  4 jellies
  4 orc priests
  A gnoll bouda (D:5)
  4 iguanas
  4 orc wizards
  2 mummies (Ossuary)
  8 gnolls
  9 adders
  A shadow imp (D:6)
  2 white imps
  3 adder zombies (Ossuary)
  A worm (D:4)
  2 dart slugs
  17 orcs
  11 endoplasms
  2 giant cockroaches (D:1)
  2 gnoll zombies (Ossuary)
  6 goblins
  6 hobgoblins
  3 jackals (D:1)
  2 quokkas
  8 ball pythons
  7 bats
  A goblin skeleton (D:3)
  A goblin zombie (D:3)
  9 hobgoblin zombies
  5 kobolds
  A kobold skeleton (D:3)
  4 kobold zombies
  An orc skeleton (D:3)
  2 orc zombies (Ossuary)
  6 rats (D:1)
173 creatures vanquished.

Notes
Turn   | Place    | Note
-------+----------+-------------------------------------------
     0 | D:1      | Radix the Minotaur Berserker began the quest for the Orb.
     0 | D:1      | Reached XP level 1. HP: 19/19 MP: 0/0
     1 | D:1      | Found a runed translucent door.
    24 | D:1      | Reached XP level 2. HP: 10/27 MP: 1/1
   397 | D:1      | Reached XP level 3. HP: 34/34 MP: 2/2
   788 | D:1      | Found a faded altar of an unknown god.
  1424 | D:2      | Reached XP level 4. HP: 41/41 MP: 3/3
  1490 | D:2      | Reached ** piety under Trog
  1491 | D:2      | Reached skill level 5 in Fighting
  1527 | D:2      | Reached skill level 5 in Axes
  2083 | D:3      | Found a glowing golden altar of the Shining One.
  2088 | D:3      | Reached XP level 5. HP: 48/48 MP: 4/4
  2510 | D:4      | Noticed a phantom
  2515 | D:4      | Killed a phantom
  2892 | D:4      | Noticed an ogre
  2894 | D:4      | Reached XP level 6. HP: 57/57 MP: 5/5
  2999 | D:4      | Noticed an ice beast
  3003 | D:4      | Killed an ice beast
  3106 | D:4      | Found a shimmering blue altar of Sif Muna.
  3106 | D:4      | Found a white marble altar of Elyvilon.
  3361 | D:5      | Entered Level 5 of the Dungeon
  3369 | D:5      | Reached XP level 7. HP: 26/66 MP: 6/6
  3568 | D:5      | Reached *** piety under Trog
  4172 | D:5      | Reached XP level 8. HP: 57/77 MP: 7/7
  4853 | D:6      | Found a staircase to the Ecumenical Temple.
  4896 | D:6      | Reached skill level 10 in Fighting
  4896 | D:6      | Reached skill level 10 in Axes
  5082 | D:6      | Found the +3 Mad Mage's Maulers {Infuse+∞ RegenMP Int-3}
  5178 | D:6      | Noticed Blork the orc
  5185 | D:6      | Killed Blork the orc
  5285 | D:6      | Reached XP level 9. HP: 85/86 MP: 0/8
  5429 | D:6      | Noticed Grinder
  5439 | D:6      | Killed Grinder
  5617 | D:7      | Found a sand-covered staircase.
  5659 | Ossuary  | Entered an ossuary
  5941 | D:7      | Found a glowing silver altar of Zin.
  6240 | D:7      | Reached **** piety under Trog
  6269 | D:7      | HP: 5/135 [gnoll sergeant/+2 vorpal trident (3)]
  6276 | D:7      | Killed from afar by an orc priest

Illustrated notes

Levels and vault maps discovered:
D:1:      dpeg_arrival_caged_fury, layout_basic,
          hellmonk_ecumenical_altar_run_dry
D:2:      layout_rooms
D:3:      layout_basic, nicolae_tso_besieged_by_evil
D:4:      layout_basic, gammafunk_temple_overflow_elements,
          kennysheep_cluttered_room
D:5:      layout_basic, minivault_14
D:6:      layout_gridville, minmay_temple_entry_grid, uniq_grinder,
          uniq_blork_the_orc
D:7:      lemuel_castle_with_subvaults [lemuel_castle_interior_original],
          layout_basic, mainiacjoe_overflow_paths, enter_ossuary_3,
          minivault_25, moated_statue, kennysheep_small_spiral

Skill      XL: |  1  2  3  4  5  6  7  8  9 |
---------------+----------------------------+-----
Fighting       | 4 5 6 7 8 10 11 | 11.9
Axes           | 4 5 6 7 8 10 11 | 11.9
Armour         | |  2.4
Dodging        | |  2.1

Action                   |  1- 3 |  4- 6 |  7- 9 || total
-------------------------+-------+-------+-------++-------
Melee: Hand axe          |    68 |    72 |   161 ||   301
       Headbutt          |     2 |     6 |    38 ||    46
       Punch             |       |       |     2 ||     2
Invok: Berserk           |     3 |     1 |     3 ||     7
       Trog's Hand       |       |       |     2 ||     2
  Use: Scroll            |     2 |     7 |     9 ||    18
Armor: Animal skin       |     6 |       |       ||     6
       Leather armour    |    10 |    21 |    38 ||    69
Dodge: Dodged            |    48 |    44 |    73 ||   165
